Senators vs Sabres

Created - April 24 2012 at 18:18

Goals
1 2 3 T
Senators 1 2 0 3
Sabres 0 2 2 4
Shots
1 2 3 T
Senators 6 9 9 24
Sabres 7 12 13 32

Period #1

1. Senators , Claude Giroux 3 (Adrian Aucoin, John Tavares) at 8:08

Penalties :
Karl Alzner (BUF) for High sticking (Minor) at 1:25, David Legwand (BUF) for Interference (Minor) at 4:17, Cory Stillman (OTT) for Holding (Minor) at 14:36

Period #2

2. Senators , John Tavares 6 (Claude Giroux, Brian Rafalski) at 5:13
3. Sabres , Karl Alzner 1 (David Legwand, Marian Hossa) at 7:04
4. Senators , Henrik Zetterberg 3 (Kevin Klein, Dion Phaneuf) at 8:44
5. Sabres , Marian Hossa 6 (Tuomo Ruutu, Jay Bouwmeester) at 14:42

Penalties :
Henrik Zetterberg (OTT) for Hooking (Minor) at 0:47, Mike Knuble (BUF) for Holding (Minor) at 10:36, Christian Ehrhoff (BUF) for High sticking (Minor) at 11:11, Brian Rafalski (OTT) for Hooking (Minor) at 16:58

Period #3

6. Sabres , Marian Hossa 7 (Dan Cleary, Trevor Daley) at 6:19
7. Sabres , Marian Hossa 8 (Tuomo Ruutu, Corey Crawford) at 15:37 (PP)

Penalties :
Sidney Crosby (OTT) for Roughing (Minor) at 0:41, Dion Phaneuf (OTT) for Holding (Minor) at 2:11, John Tavares (OTT) for Charging (Minor) at 7:57, Henrik Zetterberg (OTT) for High sticking (Minor) at 15:19

Goalie Stats

Craig Anderson (OTT), 28 saves from 32 shots - (0.875), L, 2-2-0, 59:00 minutes
Corey Crawford (BUF), 21 saves from 24 shots - (0.875), W, 1-3-0, 60:00 minutes

Players Stats

Senators
Player Name              G  A  P  +/- PIM S  H  SB FO    MP 
------------------------------------------------------------
Adrian Aucoin            0  1  1   0  0   2  1  0  0/0   23 
Brian Rafalski           0  1  1   0  2   0  0  2  0/0   21 
Brian Willsie            0  0  0   0  0   2  0  0  0/2   13 
Claude Giroux            1  1  2   0  0   3  5  1  3/3   19 
Cory Stillman            0  0  0   0  2   0  1  0  0/0   14 
Daniel Winnik            0  0  0   0  0   0  0  0  0/0   5  
Dion Phaneuf             0  1  1   0  2   2  4  3  0/0   22 
Henrik Zetterberg        1  0  1   0  4   4  0  0  0/0   16 
James Wisniewski         0  0  0   0  0   0  2  0  0/0   21 
Jamie Benn               0  0  0   0  0   3  3  0  0/2   15 
Jason Spezza             0  0  0   0  0   2  0  0  8/17  15 
Jeff Schultz             0  0  0   0  0   0  0  0  0/0   18 
John Tavares             1  1  2   0  2   3  0  0  15/23 18 
Kevin Klein              0  1  1   0  0   0  0  0  0/0   15 
Kristian Huselius        0  0  0   0  0   1  0  0  0/0   17 
Ryan Johnson             0  0  0   0  0   0  0  0  5/9   7  
Sidney Crosby            0  0  0   0  2   2  1  0  11/23 20 
Todd Marchant            0  0  0   0  0   0  0  0  2/4   7  
Sabres
Player Name              G  A  P  +/- PIM S  H  SB FO    MP 
------------------------------------------------------------
Andrej Sekera            0  0  0  -1  0   2  0  0  0/0   17 
Brad Stuart              0  0  0   0  0   0  0  2  0/0   19 
Brett Sterling           0  0  0   0  0   0  2  0  0/0   4  
Chris Stewart            0  0  0   0  0   2  0  0  3/4   18 
Christian Ehrhoff        0  0  0  -1  2   1  1  1  0/0   23 
Dan Cleary               0  1  1   2  0   4  1  0  0/0   13 
David Legwand            0  1  1   1  2   1  1  1  16/35 23 
Jay Bouwmeester          0  1  1  -1  0   0  0  0  0/0   19 
Karl Alzner              1  0  1   2  2   2  0  1  0/0   13 
Marian Hossa             3  1  4   1  0   10 1  0  0/3   23 
Mike Knuble              0  0  0  -1  2   1  0  0  0/0   9  
Mike Richards            0  0  0  -1  0   4  3  0  17/32 24 
Patrick Kaleta           0  0  0   0  0   0  3  0  0/1   8  
Paul Byron               0  0  0   0  0   2  0  0  1/4   8  
Thomas Vanek             0  0  0  -1  0   2  0  0  0/1   22 
Trevor Daley             0  1  1   2  0   0  0  0  0/0   14 
Tuomo Ruutu              0  2  2  -1  0   0  3  0  2/3   19 
Tyler Myers              0  0  0  -1  0   1  1  3  0/0   17 

3 Stars

1 - Marian Hossa (BUF)
2 - Claude Giroux (OTT)
3 - Karl Alzner (BUF)

Power Play

Senators - 0 on 4 Attempt(s) - 0.00%
Sabres - 1 on 7 Attempt(s) - 14.29%

Penalty Kill

Senators - 6 on 7 Attempt(s) - 85.71% - Score 0 goal in Penalty Kill
Sabres - 4 on 4 Attempt(s) - 100.00% - Score 0 goal in Penalty Kill

Game Notes

Marian Hossa has scored a Hat Trick!

Finance

Level 1 -- Attendance: 6500 (100.00%) -- Ticket Income $585,000.00
Level 2 -- Attendance: 4940 (98.80%) -- Ticket Income $296,400.00
Level 3 -- Attendance: 3500 (100.00%) -- Ticket Income $122,500.00
Level 4 -- Attendance: 2476 (92.04%) -- Ticket Income $61,900.00
Luxury Box -- Attendance: 1000 (100.00%) -- Ticket Income $190,000.00
Game was played at the HSBC Arena
Total Attendance: 18416 (98.53%)
Total Ticket Income: $1,376,640.00
Other Income: $412,991.85
Total Income: $1,789,632.00


Play by Play

Period #1

0:01 of 1st period - John Tavares wins face-off versus Thomas Vanek in neutral zone.
0:43 of 1st period - Shot by John Tavares.
0:43 of 1st period - Shot Misses the Net.
1:02 of 1st period - Off-side.
1:03 of 1st period - Jason Spezza wins face-off versus David Legwand in neutral zone.
1:03 of 1st period - Jason Spezza is hit by David Legwand.
1:07 of 1st period - Dan Cleary is hit by Jamie Benn and loses puck.
1:25 of 1st period - Minor Penalty to Karl Alzner for High sticking.
1:26 of 1st period - David Legwand wins face-off versus Jason Spezza in Sabres zone.
1:39 of 1st period - Shot by Henrik Zetterberg.
1:39 of 1st period - Stopped by Corey Crawford with a rebound.
1:41 of 1st period - Shot by Adrian Aucoin.
1:41 of 1st period - Stopped by Corey Crawford without a rebound.
1:42 of 1st period - Sidney Crosby wins face-off versus Marian Hossa in Sabres zone.
1:59 of 1st period - Shot by Jamie Benn.
1:59 of 1st period - Stopped by Corey Crawford without a rebound.
2:00 of 1st period - Jason Spezza wins face-off versus David Legwand in Sabres zone.
2:27 of 1st period - Shot by Jason Spezza.
2:27 of 1st period - Shot Blocked by Christian Ehrhoff.
2:29 of 1st period - Shot by Dion Phaneuf.
2:29 of 1st period - Stopped by Corey Crawford without a rebound.
2:30 of 1st period - David Legwand wins face-off versus Sidney Crosby in Sabres zone.
3:41 of 1st period - Kevin Klein is hit by Dan Cleary and loses puck.
3:57 of 1st period - Marian Hossa is hit by Dion Phaneuf and loses puck.
4:07 of 1st period - Thomas Vanek is hit by Dion Phaneuf and loses puck.
4:17 of 1st period - Minor Penalty to David Legwand for Interference.
4:18 of 1st period - Tuomo Ruutu wins face-off versus Jason Spezza in Sabres zone.
5:29 of 1st period - Christian Ehrhoff is hit by Claude Giroux and loses puck.
6:23 of 1st period - Shot by Henrik Zetterberg.
6:23 of 1st period - Shot Misses the Net.
6:45 of 1st period - Shot by Tuomo Ruutu.
6:45 of 1st period - Shot Misses the Net.
6:47 of 1st period - Shot by Karl Alzner.
6:47 of 1st period - Stopped by Craig Anderson with a rebound.
6:49 of 1st period - Shot by David Legwand.
6:49 of 1st period - Shot Blocked by Dion Phaneuf.
6:51 of 1st period - Shot by Dan Cleary.
6:51 of 1st period - Stopped by Craig Anderson without a rebound.
6:52 of 1st period - Mike Richards wins face-off versus John Tavares in Senators zone.
7:19 of 1st period - Shot by Mike Richards.
7:19 of 1st period - Stopped by Craig Anderson without a rebound.
7:20 of 1st period - David Legwand wins face-off versus Sidney Crosby in Senators zone.
7:20 of 1st period - David Legwand is hit by Dion Phaneuf.
8:04 of 1st period - Shot by John Tavares.
8:04 of 1st period - Shot Misses the Net.
8:08 of 1st period - Shot by Claude Giroux.
8:08 of 1st period - Goal by Claude Giroux - Senators : 1 - Sabres : 0.
8:09 of 1st period - Mike Richards wins face-off versus Jason Spezza in neutral zone.
8:34 of 1st period - Shot by Jason Spezza.
8:34 of 1st period - Stopped by Corey Crawford with a rebound.
8:49 of 1st period - Brian Rafalski is hit by Christian Ehrhoff and loses puck.
8:53 of 1st period - Claude Giroux is hit by Tyler Myers and loses puck.
10:54 of 1st period - Shot by Dan Cleary.
10:54 of 1st period - Deflect By Mike Knuble.
10:54 of 1st period - Stopped by Craig Anderson without a rebound.
10:55 of 1st period - John Tavares wins face-off versus Paul Byron in Senators zone.
10:59 of 1st period - Icing by Brian Rafalski.
11:00 of 1st period - John Tavares wins face-off versus David Legwand in Senators zone.
12:49 of 1st period - Cory Stillman is hit by Patrick Kaleta.
12:50 of 1st period - Icing by Cory Stillman.
12:51 of 1st period - Mike Richards wins face-off versus Sidney Crosby in Senators zone.
13:29 of 1st period - Shot by David Legwand.
13:29 of 1st period - Shot Misses the Net.
13:51 of 1st period - Shot by Dan Cleary.
13:51 of 1st period - Stopped by Craig Anderson without a rebound.
13:52 of 1st period - John Tavares wins face-off versus Chris Stewart in Senators zone.
14:36 of 1st period - Minor Penalty to Cory Stillman for Holding.
14:37 of 1st period - Ryan Johnson wins face-off versus David Legwand in Senators zone.
14:46 of 1st period - Shot by Marian Hossa.
14:46 of 1st period - Shot Misses the Net.
14:48 of 1st period - Shot by Brad Stuart.
14:48 of 1st period - Shot Misses the Net.
14:50 of 1st period - Shot by Marian Hossa.
14:50 of 1st period - Shot Misses the Net.
14:54 of 1st period - Shot by Marian Hossa.
14:54 of 1st period - Deflect By David Legwand.
14:54 of 1st period - Shot Misses the Net.
15:28 of 1st period - Off-side.
15:29 of 1st period - Mike Richards wins face-off versus Todd Marchant in neutral zone.
16:18 of 1st period - Shot by Tyler Myers.
16:18 of 1st period - Stopped by Craig Anderson without a rebound.
16:19 of 1st period - John Tavares wins face-off versus Marian Hossa in Senators zone.
16:37 of 1st period - Icing by Marian Hossa.
16:38 of 1st period - David Legwand wins face-off versus John Tavares in Sabres zone.
16:43 of 1st period - Dan Cleary is hit by Claude Giroux and loses puck.
17:04 of 1st period - Shot by Dan Cleary.
17:04 of 1st period - Stopped by Craig Anderson with a rebound.
17:06 of 1st period - Shot by David Legwand.
17:06 of 1st period - Shot Blocked by Claude Giroux.
17:15 of 1st period - Claude Giroux is hit by Patrick Kaleta and loses puck.
17:25 of 1st period - Brian Rafalski is hit by Patrick Kaleta and loses puck.
17:38 of 1st period - Icing by Christian Ehrhoff.
17:39 of 1st period - Mike Richards wins face-off versus Sidney Crosby in Sabres zone.
17:43 of 1st period - Icing by Tyler Myers.
17:44 of 1st period - Jason Spezza wins face-off versus Mike Richards in Sabres zone.

Period #2

0:01 of 2nd period - John Tavares wins face-off versus Mike Richards in neutral zone.
0:47 of 2nd period - Minor Penalty to Henrik Zetterberg for Hooking.
0:48 of 2nd period - David Legwand wins face-off versus Ryan Johnson in Senators zone.
2:51 of 2nd period - Shot by Paul Byron.
2:51 of 2nd period - Stopped by Craig Anderson without a rebound.
2:52 of 2nd period - John Tavares wins face-off versus Patrick Kaleta in Senators zone.
3:38 of 2nd period - Icing by Adrian Aucoin.
3:39 of 2nd period - John Tavares wins face-off versus David Legwand in Senators zone.
4:53 of 2nd period - Shot by Cory Stillman.
4:53 of 2nd period - Shot Misses the Net.
4:57 of 2nd period - Shot by Sidney Crosby.
4:57 of 2nd period - Shot Blocked by Brad Stuart.
5:01 of 2nd period - Shot by Sidney Crosby.
5:01 of 2nd period - Stopped by Corey Crawford without a rebound.
5:02 of 2nd period - John Tavares wins face-off versus Mike Richards in Sabres zone.
5:13 of 2nd period - Shot by John Tavares.
5:13 of 2nd period - Goal by John Tavares - Senators : 2 - Sabres : 0.
5:14 of 2nd period - Mike Richards wins face-off versus Jason Spezza in neutral zone.
6:20 of 2nd period - Thomas Vanek is hit by Dion Phaneuf.
6:33 of 2nd period - Icing by Brad Stuart.
6:34 of 2nd period - John Tavares wins face-off versus Mike Richards in Sabres zone.
7:02 of 2nd period - Shot by David Legwand.
7:02 of 2nd period - Stopped by Craig Anderson with a rebound.
7:04 of 2nd period - Shot by Karl Alzner.
7:04 of 2nd period - Goal by Karl Alzner - Senators : 2 - Sabres : 1.
7:05 of 2nd period - David Legwand wins face-off versus Jamie Benn in neutral zone.
7:14 of 2nd period - Shot by Jamie Benn.
7:14 of 2nd period - Shot Misses the Net.
7:24 of 2nd period - Shot by Jamie Benn.
7:24 of 2nd period - Shot Blocked by David Legwand.
7:58 of 2nd period - Karl Alzner is hit by Jamie Benn and loses puck.
8:10 of 2nd period - Shot by Paul Byron.
8:10 of 2nd period - Stopped by Craig Anderson without a rebound.
8:11 of 2nd period - Sidney Crosby wins face-off versus Paul Byron in Senators zone.
8:38 of 2nd period - Shot by Dion Phaneuf.
8:38 of 2nd period - Shot Misses the Net.
8:40 of 2nd period - Shot by Kevin Klein.
8:40 of 2nd period - Shot Hit the Post.
8:44 of 2nd period - Shot by Henrik Zetterberg.
8:44 of 2nd period - Goal by Henrik Zetterberg - Senators : 3 - Sabres : 1.
8:45 of 2nd period - Mike Richards wins face-off versus John Tavares in neutral zone.
9:02 of 2nd period - Shot by Claude Giroux.
9:02 of 2nd period - Shot Misses the Net.
9:06 of 2nd period - Shot by Kristian Huselius.
9:06 of 2nd period - Shot Blocked by Tyler Myers.
9:57 of 2nd period - Shot by Henrik Zetterberg.
9:57 of 2nd period - Shot Misses the Net.
10:04 of 2nd period - Icing by Trevor Daley.
10:05 of 2nd period - Chris Stewart wins face-off versus Brian Willsie in Sabres zone.
10:32 of 2nd period - Shot by Marian Hossa.
10:32 of 2nd period - Stopped by Craig Anderson with a rebound.
10:34 of 2nd period - Shot by Marian Hossa.
10:34 of 2nd period - Stopped by Craig Anderson without a rebound.
10:35 of 2nd period - Claude Giroux wins face-off versus Mike Richards in Senators zone.
10:35 of 2nd period - Claude Giroux is hit by Mike Richards.
10:36 of 2nd period - Minor Penalty to Mike Knuble for Holding.
10:37 of 2nd period - David Legwand wins face-off versus Jason Spezza in Sabres zone.
11:06 of 2nd period - Shot by Claude Giroux.
11:06 of 2nd period - Deflect By Henrik Zetterberg.
11:06 of 2nd period - Stopped by Corey Crawford with a rebound.
11:08 of 2nd period - Shot by Henrik Zetterberg.
11:08 of 2nd period - Shot Misses the Net.
11:10 of 2nd period - Shot by Adrian Aucoin.
11:10 of 2nd period - Stopped by Corey Crawford without a rebound.
11:11 of 2nd period - Sidney Crosby wins face-off versus Mike Richards in Sabres zone.
11:11 of 2nd period - Minor Penalty to Christian Ehrhoff for High sticking.
11:12 of 2nd period - Sidney Crosby wins face-off versus David Legwand in Sabres zone.
11:19 of 2nd period - Shot by Jamie Benn.
11:19 of 2nd period - Shot Blocked by Tyler Myers.
11:21 of 2nd period - Shot by Brian Willsie.
11:21 of 2nd period - Stopped by Corey Crawford without a rebound.
11:22 of 2nd period - David Legwand wins face-off versus Sidney Crosby in Sabres zone.
12:16 of 2nd period - Shot by Dion Phaneuf.
12:16 of 2nd period - Stopped by Corey Crawford without a rebound.
12:17 of 2nd period - Jason Spezza wins face-off versus David Legwand in Sabres zone.
12:18 of 2nd period - Shot by Henrik Zetterberg.
12:18 of 2nd period - Stopped by Corey Crawford without a rebound.
12:19 of 2nd period - David Legwand wins face-off versus Jason Spezza in Sabres zone.
12:25 of 2nd period - Icing by Dion Phaneuf.
12:26 of 2nd period - Claude Giroux wins face-off versus David Legwand in Senators zone.
12:43 of 2nd period - Jay Bouwmeester is hit by Claude Giroux and loses puck.
13:16 of 2nd period - Shot by John Tavares.
13:16 of 2nd period - Shot Misses the Net.
13:22 of 2nd period - Shot by John Tavares.
13:22 of 2nd period - Stopped by Corey Crawford without a rebound.
13:23 of 2nd period - Sidney Crosby wins face-off versus David Legwand in Sabres zone.
13:39 of 2nd period - Shot by Dan Cleary.
13:39 of 2nd period - Stopped by Craig Anderson without a rebound.
13:40 of 2nd period - John Tavares wins face-off versus Mike Richards in Senators zone.
13:52 of 2nd period - Icing by Chris Stewart.
13:53 of 2nd period - Sidney Crosby wins face-off versus Mike Richards in Sabres zone.
14:06 of 2nd period - Shot by Mike Richards.
14:06 of 2nd period - Shot Misses the Net.
14:08 of 2nd period - Shot by Christian Ehrhoff.
14:08 of 2nd period - Shot Blocked by Dion Phaneuf.
14:10 of 2nd period - Shot by Christian Ehrhoff.
14:10 of 2nd period - Shot Misses the Net.
14:12 of 2nd period - Shot by Brad Stuart.
14:12 of 2nd period - Shot Blocked by Dion Phaneuf.
14:14 of 2nd period - Shot by Thomas Vanek.
14:14 of 2nd period - Shot Misses the Net.
14:40 of 2nd period - Shot by Marian Hossa.
14:40 of 2nd period - Shot Misses the Net.
14:42 of 2nd period - Shot by Marian Hossa.
14:42 of 2nd period - Goal by Marian Hossa - Senators : 3 - Sabres : 2.
14:43 of 2nd period - Jason Spezza wins face-off versus David Legwand in neutral zone.
14:48 of 2nd period - Shot by Jamie Benn.
14:48 of 2nd period - Shot Blocked by Karl Alzner.
14:59 of 2nd period - Off-side.
15:00 of 2nd period - Mike Richards wins face-off versus John Tavares in neutral zone.
15:07 of 2nd period - Shot by Thomas Vanek.
15:07 of 2nd period - Stopped by Craig Anderson without a rebound.
15:08 of 2nd period - John Tavares wins face-off versus David Legwand in Senators zone.
15:20 of 2nd period - Icing by Jay Bouwmeester.
15:21 of 2nd period - Jason Spezza wins face-off versus Marian Hossa in Sabres zone.
15:33 of 2nd period - Icing by Jay Bouwmeester.
15:34 of 2nd period - David Legwand wins face-off versus John Tavares in Sabres zone.
15:54 of 2nd period - Icing by Tuomo Ruutu.
15:55 of 2nd period - David Legwand wins face-off versus Brian Willsie in Sabres zone.
16:12 of 2nd period - Shot by Mike Richards.
16:12 of 2nd period - Shot Misses the Net.
16:16 of 2nd period - Shot by Christian Ehrhoff.
16:16 of 2nd period - Shot Misses the Net.
16:31 of 2nd period - Mike Richards is hit by James Wisniewski and loses puck.
16:36 of 2nd period - Shot by Chris Stewart.
16:36 of 2nd period - Stopped by Craig Anderson without a rebound.
16:37 of 2nd period - Mike Richards wins face-off versus John Tavares in Senators zone.
16:52 of 2nd period - Mike Richards is hit by Claude Giroux and loses puck.
16:58 of 2nd period - Minor Penalty to Brian Rafalski for Hooking.
16:59 of 2nd period - David Legwand wins face-off versus Ryan Johnson in Senators zone.
18:02 of 2nd period - Shot by Christian Ehrhoff.
18:02 of 2nd period - Stopped by Craig Anderson with a rebound.
18:18 of 2nd period - Daniel Winnik is hit by Tuomo Ruutu and loses puck.
18:53 of 2nd period - Adrian Aucoin is hit by Brett Sterling and loses puck.
19:14 of 2nd period - Shot by Marian Hossa.
19:14 of 2nd period - Stopped by Craig Anderson without a rebound.
19:15 of 2nd period - Mike Richards wins face-off versus Sidney Crosby in Senators zone.
19:31 of 2nd period - Icing by Thomas Vanek.
19:32 of 2nd period - Mike Richards wins face-off versus John Tavares in Sabres zone.

Period #3

0:01 of 3rd period - John Tavares wins face-off versus Mike Richards in neutral zone.
0:12 of 3rd period - Shot by Claude Giroux.
0:12 of 3rd period - Stopped by Corey Crawford without a rebound.
0:13 of 3rd period - Sidney Crosby wins face-off versus David Legwand in Sabres zone.
0:36 of 3rd period - Shot by Henrik Zetterberg.
0:36 of 3rd period - Shot Misses the Net.
0:41 of 3rd period - Minor Penalty to Sidney Crosby for Roughing.
0:42 of 3rd period - Todd Marchant wins face-off versus Mike Richards in Senators zone.
0:42 of 3rd period - Todd Marchant is hit by Mike Richards.
1:09 of 3rd period - Shot by Andrej Sekera.
1:09 of 3rd period - Stopped by Craig Anderson without a rebound.
1:10 of 3rd period - David Legwand wins face-off versus Ryan Johnson in Senators zone.
1:15 of 3rd period - Shot by Marian Hossa.
1:15 of 3rd period - Stopped by Craig Anderson with a rebound.
1:17 of 3rd period - Shot by Marian Hossa.
1:17 of 3rd period - Shot Misses the Net.
1:45 of 3rd period - John Tavares is hit by Tuomo Ruutu and loses puck.
2:11 of 3rd period - Minor Penalty to Dion Phaneuf for Holding.
2:12 of 3rd period - Chris Stewart wins face-off versus Todd Marchant in Senators zone.
2:17 of 3rd period - Shot by Thomas Vanek.
2:17 of 3rd period - Shot Misses the Net.
2:19 of 3rd period - Shot by Mike Richards.
2:19 of 3rd period - Shot Misses the Net.
2:21 of 3rd period - Shot by Chris Stewart.
2:21 of 3rd period - Shot Misses the Net.
2:23 of 3rd period - Shot by Christian Ehrhoff.
2:23 of 3rd period - Shot Misses the Net.
2:25 of 3rd period - Shot by Andrej Sekera.
2:25 of 3rd period - Stopped by Craig Anderson without a rebound.
2:26 of 3rd period - Ryan Johnson wins face-off versus Mike Richards in Senators zone.
2:39 of 3rd period - Icing by Chris Stewart.
2:40 of 3rd period - Ryan Johnson wins face-off versus Mike Richards in Sabres zone.
3:02 of 3rd period - Off-side.
3:03 of 3rd period - Sidney Crosby wins face-off versus David Legwand in neutral zone.
3:18 of 3rd period - Daniel Winnik is hit by Tuomo Ruutu and loses puck.
3:25 of 3rd period - Shot by Tuomo Ruutu.
3:25 of 3rd period - Shot Misses the Net.
3:29 of 3rd period - Shot by Marian Hossa.
3:29 of 3rd period - Stopped by Craig Anderson without a rebound.
3:30 of 3rd period - Mike Richards wins face-off versus Ryan Johnson in Senators zone.
3:33 of 3rd period - Shot by Chris Stewart.
3:33 of 3rd period - Stopped by Craig Anderson without a rebound.
3:34 of 3rd period - Ryan Johnson wins face-off versus David Legwand in Senators zone.
4:21 of 3rd period - Shot by Sidney Crosby.
4:21 of 3rd period - Shot Misses the Net.
4:23 of 3rd period - Shot by Henrik Zetterberg.
4:23 of 3rd period - Shot Misses the Net.
4:31 of 3rd period - Christian Ehrhoff is hit by Sidney Crosby and loses puck.
5:18 of 3rd period - Shot by Trevor Daley.
5:18 of 3rd period - Deflect By Marian Hossa.
5:18 of 3rd period - Stopped by Craig Anderson without a rebound.
5:19 of 3rd period - Mike Richards wins face-off versus Jason Spezza in Senators zone.
5:42 of 3rd period - Shot by Mike Richards.
5:42 of 3rd period - Shot Misses the Net.
6:06 of 3rd period - Brian Rafalski is hit by Marian Hossa and loses puck.
6:19 of 3rd period - Shot by Dan Cleary.
6:19 of 3rd period - Deflect By Marian Hossa.
6:19 of 3rd period - Goal by Marian Hossa - Senators : 3 - Sabres : 3.
6:20 of 3rd period - Tuomo Ruutu wins face-off versus Sidney Crosby in neutral zone.
6:40 of 3rd period - Icing by Dion Phaneuf.
6:41 of 3rd period - Mike Richards wins face-off versus Sidney Crosby in Senators zone.
7:11 of 3rd period - Shot by Kristian Huselius.
7:11 of 3rd period - Stopped by Corey Crawford without a rebound.
7:12 of 3rd period - David Legwand wins face-off versus Jason Spezza in Sabres zone.
7:12 of 3rd period - David Legwand is hit by Jamie Benn.
7:57 of 3rd period - Minor Penalty to John Tavares for Charging.
7:58 of 3rd period - Todd Marchant wins face-off versus Tuomo Ruutu in Senators zone.
8:53 of 3rd period - Shot by Tyler Myers.
8:53 of 3rd period - Shot Misses the Net.
9:21 of 3rd period - Off-side.
9:22 of 3rd period - Mike Richards wins face-off versus Sidney Crosby in neutral zone.
9:49 of 3rd period - Shot by Andrej Sekera.
9:49 of 3rd period - Deflect By Chris Stewart.
9:49 of 3rd period - Shot Misses the Net.
10:18 of 3rd period - Shot by Dan Cleary.
10:18 of 3rd period - Shot Blocked by Brian Rafalski.
10:24 of 3rd period - Shot by Dan Cleary.
10:24 of 3rd period - Deflect By Marian Hossa.
10:24 of 3rd period - Shot Blocked by Brian Rafalski.
10:26 of 3rd period - Shot by Marian Hossa.
10:26 of 3rd period - Stopped by Craig Anderson without a rebound.
10:27 of 3rd period - Mike Richards wins face-off versus Sidney Crosby in Senators zone.
10:53 of 3rd period - Christian Ehrhoff is hit by Cory Stillman and loses puck.
11:06 of 3rd period - Dion Phaneuf is hit by Brett Sterling and loses puck.
11:45 of 3rd period - Shot by John Tavares.
11:45 of 3rd period - Stopped by Corey Crawford without a rebound.
11:46 of 3rd period - Chris Stewart wins face-off versus Jamie Benn in Sabres zone.
11:52 of 3rd period - Christian Ehrhoff is hit by James Wisniewski and loses puck.
11:55 of 3rd period - Shot by Mike Richards.
11:55 of 3rd period - Stopped by Craig Anderson without a rebound.
11:56 of 3rd period - Jason Spezza wins face-off versus David Legwand in Senators zone.
12:09 of 3rd period - Shot by Marian Hossa.
12:09 of 3rd period - Shot Misses the Net.
12:45 of 3rd period - Shot by Thomas Vanek.
12:45 of 3rd period - Shot Misses the Net.
13:25 of 3rd period - Icing by Dan Cleary.
13:26 of 3rd period - Paul Byron wins face-off versus Sidney Crosby in Sabres zone.
14:06 of 3rd period - Shot by Henrik Zetterberg.
14:06 of 3rd period - Shot Misses the Net.
14:29 of 3rd period - Shot by Jason Spezza.
14:29 of 3rd period - Deflect By Brian Willsie.
14:29 of 3rd period - Stopped by Corey Crawford with a rebound.
14:33 of 3rd period - Shot by Jason Spezza.
14:33 of 3rd period - Stopped by Corey Crawford without a rebound.
14:34 of 3rd period - John Tavares wins face-off versus Mike Richards in Sabres zone.
14:35 of 3rd period - Shot by Claude Giroux.
14:35 of 3rd period - Shot Blocked by Brad Stuart.
14:55 of 3rd period - Shot by Chris Stewart.
14:55 of 3rd period - Shot Misses the Net.
14:59 of 3rd period - Shot by Mike Richards.
14:59 of 3rd period - Stopped by Craig Anderson with a rebound.
15:01 of 3rd period - Shot by Brad Stuart.
15:01 of 3rd period - Shot Misses the Net.
15:06 of 3rd period - Icing by Claude Giroux.
15:07 of 3rd period - John Tavares wins face-off versus David Legwand in Senators zone.
15:14 of 3rd period - Shot by John Tavares.
15:14 of 3rd period - Deflect By Claude Giroux.
15:14 of 3rd period - Stopped by Corey Crawford without a rebound.
15:15 of 3rd period - Sidney Crosby wins face-off versus David Legwand in Sabres zone.
15:16 of 3rd period - Shot by Dion Phaneuf.
15:16 of 3rd period - Shot Misses the Net.
15:19 of 3rd period - Minor Penalty to Henrik Zetterberg for High sticking.
15:20 of 3rd period - Ryan Johnson wins face-off versus David Legwand in Senators zone.
15:37 of 3rd period - Shot by Marian Hossa.
15:37 of 3rd period - Goal by Marian Hossa - Senators : 3 - Sabres : 4.
15:38 of 3rd period - Sidney Crosby wins face-off versus David Legwand in neutral zone.
15:58 of 3rd period - Shot by David Legwand.
15:58 of 3rd period - Shot Misses the Net.
16:07 of 3rd period - Icing by Dion Phaneuf.
16:08 of 3rd period - Sidney Crosby wins face-off versus Mike Richards in Senators zone.
16:08 of 3rd period - Sidney Crosby is hit by Mike Richards.
16:18 of 3rd period - Off-side.
16:19 of 3rd period - Jason Spezza wins face-off versus Mike Richards in neutral zone.
16:24 of 3rd period - Shot by Jamie Benn.
16:24 of 3rd period - Stopped by Corey Crawford without a rebound.
16:25 of 3rd period - Mike Richards wins face-off versus John Tavares in Sabres zone.
16:25 of 3rd period - Mike Richards is hit by Claude Giroux.
16:50 of 3rd period - Chris Stewart is hit by Adrian Aucoin and loses puck.
17:01 of 3rd period - Shot by Chris Stewart.
17:01 of 3rd period - Deflect By Thomas Vanek.
17:01 of 3rd period - Stopped by Craig Anderson without a rebound.
17:02 of 3rd period - David Legwand wins face-off versus Jason Spezza in Senators zone.
17:31 of 3rd period - Shot by Jamie Benn.
17:31 of 3rd period - Shot Misses the Net.
17:33 of 3rd period - Shot by Jeff Schultz.
17:33 of 3rd period - Deflect By Jamie Benn.
17:33 of 3rd period - Stopped by Corey Crawford without a rebound.
17:34 of 3rd period - David Legwand wins face-off versus Sidney Crosby in Sabres zone.
17:47 of 3rd period - Shot by Sidney Crosby.
17:47 of 3rd period - Stopped by Corey Crawford with a rebound.
17:49 of 3rd period - Shot by Kevin Klein.
17:49 of 3rd period - Shot Misses the Net.
18:38 of 3rd period - Shot by Mike Richards.
18:38 of 3rd period - Stopped by Craig Anderson without a rebound.
18:39 of 3rd period - Claude Giroux wins face-off versus Paul Byron in Senators zone.
19:00 of 3rd period - Senators, Craig Anderson is pulled from the net.
19:02 of 3rd period - Shot by John Tavares.
19:02 of 3rd period - Shot Blocked by Tyler Myers.


Output by the SimonT Hockey Simulator (STHS) for Stephane Roy -- Original Page W3C XHTML 1.0 Valid